 Dungeon Crawl Stone Soup version 0.19.4-9-g45fd643 (webtiles) character file.

33 maxonian the Slasher (level 3, -4/32 HPs)
             Began as a Naga Gladiator on Feb 17, 2017.
             Slain by Terence
             ... wielding a +0 mace
              (8 damage)
             ... on level 2 of the Dungeon.
             The game lasted 00:01:39 (1327 turns).

maxonian the Slasher (Naga Gladiator)               Turns: 1327, Time: 00:01:40

Health: -4/32      AC:  3    Str: 17    XL:     3   Next: 29%
Magic:  3/3        EV: 10    Int:  9    God:
Gold:   45         SH:  0    Dex: 11    Spells: 0 memorised, 2 levels left

rFire  . . .     SeeInvis +     m - +1 spear (venom)
rCold  . . .     Gourm    .     h - +0 leather armour
rNeg   . . .     Faith    .     (no shield)
rPois  +         Spirit   .     c - +0 helmet
rElec  .         Reflect  .     (no cloak)
rCorr  .         Harm     .     (no gloves)
MR     .....                    (no barding)
Stlth  +.........               (no amulet)
                                (no ring)
                                (no ring)

@: very slow
A: see invisible, deformed body, poison resistance, slowness 2, slow metabolism
1, spit poison 1, AC +1
a: Spit Poison


You were on level 2 of the Dungeon.
You were hungry.

You visited 1 branch of the dungeon, and saw 2 of its levels.

You collected 45 gold pieces.

Inventory:

Hand Weapons
 a - a +0 hunting sling
 b - a +0 long sword
 m - a +1 spear of venom (weapon)
Missiles
 d - 5 throwing nets (quivered)
 n - 21 bolts
 o - 26 stones
Armour
 c - a +0 helmet (worn)
 h - a +0 leather armour (worn)
Jewellery
 j - a cursed ring of loudness {unknown}
Scrolls
 i - 3 scrolls of teleportation {unknown}
 k - 3 scrolls of remove curse {unknown}
 l - a scroll of amnesia {unknown}
 r - 2 scrolls of identify {unknown}
 s - a scroll of magic mapping {unknown}
Comestibles
 f - 2 bread rations
 g - 2 fruits
 p - a meat ration
 q - a chunk of flesh


   Skills:
 + Level 2.2 Fighting
 - Level 3.0 Long Blades
 + Level 1.1 Polearms
 - Level 1.7 Throwing
 + Level 1.1 Armour
 + Level 2.7 Dodging


You had 2 spell levels left.
You didn't know any spells.

Dungeon Overview and Level Annotations

Branches:
Dungeon (2/15)

Altars:

Annotations:
D:2 Terence


Innate Abilities, Weirdness & Mutations

You cannot wear boots.
Your serpentine skin is tough. (AC +1)
You have supernaturally acute eyesight. (SInv)
Armour fits poorly on your strangely shaped body.
Your system is resistant to poisons. (rPois)
You cover ground very slowly.
You have a slow metabolism.
You can spit poison.


Message History

Terence hits you but does no damage.
You miss the adder.
The adder is almost dead.
You kill the adder!
Your Polearms skill increases to level 1!
You hit Terence.
Terence is poisoned.
Terence is moderately wounded.
Terence barely misses you.
You hit Terence but do no damage.
Terence looks as sick as possible!
Terence is moderately wounded.
Terence zaps a wand.
Terence looks slightly unstable.
It is a wand of teleportation.
You hit Terence.
Terence is severely wounded.
Terence hits you with a mace.
* * * LOW HITPOINT WARNING * * *
You hit Terence but do no damage.
Terence looks as sick as possible!
Terence is almost dead.
Terence hits you with a mace!
You die...

#....#
#.#....#
#....#
#.######
#...)# #.#
#....# #.#
#....# #.#
#....# #.#
#....# #.#
#?[..#
#@...#
#...@....#
#......###
.........'
###......##
#......#
#......#
#......#


You could see Terence.

Vanquished Creatures
  An adder (D:2)
  2 dart slugs (D:1)
  A giant cockroach (D:1)
  4 goblins (D:1)
  2 hobgoblins (D:1)
  4 bats
  A frilled lizard (D:1)
  4 kobolds
  3 rats
22 creatures vanquished.

Notes
Turn   | Place    | Note
-------+----------+-------------------------------------------
     0 | D:1      | maxonian the Naga Gladiator began the quest for the Orb.
     0 | D:1      | Reached XP level 1. HP: 19/19 MP: 1/1
   572 | D:1      | Reached XP level 2. HP: 15/26 MP: 2/2
  1007 | D:1      | Reached skill level 1 in Armour
  1295 | D:2      | Reached XP level 3. HP: 29/32 MP: 3/3
  1312 | D:2      | Noticed Terence
  1323 | D:2      | Reached skill level 1 in Polearms
  1327 | D:2      | Slain by Terence

Skill      XL: |  1  2  3 |
---------------+----------+-----
Armour         | 1 |  1.1
Polearms       | 1 |  1.1
Fighting       | |  2.2
Long Blades    | |  3.0
Throwing       | |  1.7
Dodging        | |  2.7

Action                   || total
-------------------------++-------
Melee: Spear             ||    64
       Long sword        ||    11
  Use: Potion            ||     1
Armor: Leather armour    ||    19
Dodge: Dodged            ||    45
       Rpst.: Long sword ||     4
